[Event "FIDE WTC Prel-A 2022"]
[Site "Jerusalem"]
[Date "2022.11.20"]
[Round "2.1"]
[White "Santos Latasa, Jaime"]
[Black "Lu, Shanglei"]
[Result "0-1"]
[ECO "D39"]
[WhiteElo "2665"]
[BlackElo "2605"]
[Annotator "TA"]
[PlyCount "164"]
[EventDate "2022.11.20"]
[EventType "team-tourn"]
[EventCountry "ISR"]
[SourceTitle "playchess.com"]
[Source "ChessBase"]
[SourceQuality "1"]
[WhiteTeam "Spain"]
[BlackTeam "China"]
[WhiteTeamCountry "ESP"]
[BlackTeamCountry "CHN"]
[TimeControl "2700+10"]

1. d4 Nf6 2. c4 e6 3. Nf3 d5 4. Nc3 dxc4 5. e4 Bb4 6. Bg5 h6 7. Bxf6 Qxf6 8. Bxc4 c5 9. O-O {[%emt 0:00:05] aiming for Nb5. D39: Queen's Gambit Declined: Ragozin Defence with 5 Bg5 dxc4.} cxd4 10. e5 Qd8 11. Ne4 {[%emt 0:00:02][%mdl 1024] White has compensation. The position is equal.} O-O 12. Qe2 Be7 13. Rfd1 {[%emt 0:00:21] The main line 13.Rfd1 scores better than 13.Rad1.} Qa5 14. a3 ({Much weaker is} 14. Rxd4 Nc6 15. Rdd1 (15. Qd2 Qc7 $17) 15... Nxe5 16. Nxe5 Qxe5 $17) 14... Rd8 15. Ng3 Nd7 (15... Bd7 $11) 16. Bd3 (16. b4 $14 Qb6 17. Rxd4 (17. Nxd4 Nxe5 18. Qxe5 Bf6 $17)) 16... Nf8 $15 {[%emt 0:00:00] [#]} 17. Nd2 $146 ({Predecessor:} 17. Nh5 Bd7 18. b4 Qb6 19. Nd2 Bc6 20. Qg4 g6 21. Nf4 Kg7 22. Nh5+ Kg8 23. Nf4 Kg7 24. Nh5+ Kg8 25. Nf4 {½-½ (25) Horvath,D (2331)-Predojevic,B (2625) Austria 2018}) 17... Bd7 18. f4 Rac8 19. Nf3 ({White should play} 19. b4 $15 Qc7 20. b5) 19... a6 20. Ne4 Bb5 (20... Qb6 $17 21. Qf2 Ba4) 21. Bxb5 axb5 22. b4 (22. g3 $11 {keeps the balance.}) 22... Qa4 23. Ne1 (23. Nxd4 $2 Rc4 24. Qf2 Rd5 $17) 23... b6 24. g3 Rc4 25. Qf3 Qa8 26. Kf2 d3 27. Nd2 ({White must play} 27. Nd6 $1 $15) 27... Rc3 ({Black should try} 27... Qa7 $17 {...Rc3 is the strong threat.} 28. Nxc4 bxc4) 28. Qxa8 Rxa8 29. Ne4 $1 Rcxa3 30. Rxa3 {[%emt 0:00:01][%mdl 64] Remove Defender} Rxa3 31. Nxd3 g5 32. Ke2 Ng6 33. fxg5 hxg5 34. Rc1 Ra2+ 35. Ke3 Kg7 36. h3 Ra3 {[%emt 0:00:03][%csl LRb4,LRe5] Hoping for ...Nxe5.} (36... Bf8 $5 ) 37. Rc3 Ra4 38. Rb3 (38. Rc7 $11) 38... Ra2 39. Kf3 Bd8 40. Rc3 {[%emt 0:00:49] Prevents Bc7.} Ne7 {[%emt 0:00:12] Inhibits Rc8.} 41. Nd6 Nd5 42. Rb3 Be7 43. Nxb5 Ra4 {[%emt 0:00:05] Black has more active pieces.} 44. Nd6 Bxd6 (44... Ra8 $15) 45. exd6 {[%emt 0:00:03][%mdl 4096] Endgame KRN-KRN} Ra8 46. Ne5 $1 Rd8 47. Nc4 (47. Ra3 $5 ) 47... b5 48. Na3 Rxd6 49. Nxb5 Rb6 50. Nd4 Rxb4 51. Rxb4 Nxb4 {[%emt 0:00:01] KN-KN} 52. Ke4 Nd5 53. Nf3 (53. Ke5 $11) 53... f6 54. g4 Nf4 (54... Kg6 $17 55. Nd2 Nc3+ 56. Ke3 Nb5) 55. h4 $11 Nh3 {[%emt 0:00:04] White must now prevent ...Nf2+.} 56. Nd4 gxh4 (56... Kf7 $5 57. h5 Nf2+ 58. Kf3 Nd3 $15) 57. Nxe6+ Kg6 {[%emt 0:00:14] ( -> ...Ng5+)} 58. Nd4 $2 {[%emt 0:00:10][%mdl 8192] [#] White does not recover from this.} (58. Nc5 $11) 58... Kg5 $1 {[%emt 0:00:15] Black mates.} 59. Kf3 Nf4 60. Nf5 Ng6 61. Ne3 Ne5+ 62. Kg2 Nxg4 63. Nd5 Ne5 64. Kh3 Nd3 65. Kh2 f5 66. Nc3 Kg4 67. Nd5 f4 68. Nf6+ Kf5 69. Nd5 f3 70. Ne3+ Ke4 71. Nd1 Nf4 72. Kg1 Nh3+ 73. Kh2 {[%emt 0:00:05] [#]} Ng5 $1 74. Kg1 Kd3 75. Kf2 h3 76. Kg3 Kd2 77. Nf2 Ke2 78. Ng4 Ne4+ 79. Kh4 f2 80. Nxf2 Nxf2 81. Kg3 Ke3 82. Kh2 Kf3 {[%emt 0:00:02] Weighted Error Value: White=0.29 (precise) /Black=0.16 (very precise)} (82... Kf4 $142 83. Kg1 Kg3 84. Kf1 h2 85. Ke2 h1=Q 86. Kd2 Qc6 87. Ke3 Qc3+ 88. Ke2 Qc2+ 89. Kf1 Qd1#) 0-1

[Event "FIDE WTC Prel-A 2022"]
[Site "Jerusalem"]
[Date "2022.11.20"]
[Round "2.2"]
[White "Xu, Xiangyu"]
[Black "Anton Guijarro, David"]
[Result "1/2-1/2"]
[ECO "E20"]
[WhiteElo "2577"]
[BlackElo "2668"]
[Annotator "TA"]
[PlyCount "72"]
[EventDate "2022.11.20"]
[EventType "team-tourn"]
[EventCountry "ISR"]
[SourceTitle "playchess.com"]
[Source "ChessBase"]
[SourceQuality "1"]
[WhiteTeam "China"]
[BlackTeam "Spain"]
[WhiteTeamCountry "CHN"]
[BlackTeamCountry "ESP"]
[TimeControl "2700+10"]

1. d4 Nf6 2. c4 e6 3. Nc3 Bb4 4. f3 c5 5. d5 b5 6. e4 {[%emt 0:00:04] E20: Nimzo-Indian: 4 g3 and 4 f3.} d6 {[%emt 0:00:02] The modern move.} 7. a3 Bxc3+ 8. bxc3 bxc4 9. Bxc4 O-O 10. Ne2 exd5 11. Bxd5 Nxd5 12. Qxd5 Be6 {[%emt 0:01:16] [#]} 13. Qh5 $146 (13. Qxa8 $14 Qb6 14. Bf4) ({Predecessor:} 13. Qd1 d5 14. exd5 Bxd5 15. O-O Bc4 16. Qxd8 Rxd8 17. Re1 Re8 18. Kf2 Nd7 19. Bf4 {0-1 (83) Erigaisi,A (2728)-Rapport,R (2754) chess24.com INT 2022}) 13... Bc4 14. Kf2 Nc6 15. Rd1 Rb8 16. Ng3 g6 {[%emt 0:05:55] Inhibits Nf5.} (16... Bb3 $1 $15 17. Re1 Ne5) 17. Qh6 $11 Ne5 18. Kg1 Qe7 19. Bf4 {[%emt 0:00:00][%cal Od1d6] The position is equal.} f6 20. Bxe5 dxe5 21. h4 Rfd8 22. h5 Bf7 23. hxg6 hxg6 24. Nf1 c4 25. Rxd8+ Rxd8 26. Ne3 Qf8 $1 27. Qxf8+ Kxf8 28. Rd1 Rxd1+ 29. Nxd1 {[%emt 0:00:00][%mdl 4096] Endgame KB-KN} Ke7 30. Kf2 Kd6 31. Ke3 Kc5 32. g4 Kb5 {[%emt 0:00:42] [#] aiming for ...Ka4.} 33. Nb2 Be6 34. Kf2 Bd7 35. Ke3 Be6 36. Kf2 Bd7 {[%emt 0:00:02] Weighted Error Value: White=0.10 (very precise) /Black=0.08 (flawless)} 1/2-1/2

[Event "FIDE WTC Prel-A 2022"]
[Site "Jerusalem"]
[Date "2022.11.20"]
[Round "2.3"]
[White "Shirov, Alexei"]
[Black "Bai, Jinshi"]
[Result "1/2-1/2"]
[ECO "C42"]
[WhiteElo "2666"]
[BlackElo "2569"]
[Annotator "TA"]
[PlyCount "92"]
[EventDate "2022.11.20"]
[EventType "team-tourn"]
[EventCountry "ISR"]
[SourceTitle "playchess.com"]
[Source "ChessBase"]
[SourceQuality "1"]
[WhiteTeam "Spain"]
[BlackTeam "China"]
[WhiteTeamCountry "ESP"]
[BlackTeamCountry "CHN"]
[TimeControl "2700+10"]

1. e4 e5 2. Nf3 Nf6 3. Nxe5 d6 4. Nf3 Nxe4 5. d4 d5 6. Bd3 Bd6 7. O-O O-O 8. c4 c6 9. cxd5 cxd5 10. Nc3 Re8 11. Re1 Nxc3 12. Rxe8+ Qxe8 13. bxc3 Nd7 14. Qb3 {[%emt 0:01:13] C42: Petroff Defence: 3 Nxe5 and unusual White 3rd moves.} Nb6 {[%emt 0:00:49] [#]} 15. Bd2 $146 ({Predecessor:} 15. Ba3 Bxa3 16. Qxa3 h6 17. h3 Be6 18. Rb1 Qf8 19. Qa5 Qc8 20. Ne5 Nd7 21. f4 b6 {½-½ (38) Navara,D (2681)-Vidit,S (2723) Prague 2022}) 15... Bg4 16. Re1 {[%emt 0:00:07] The position is equal.} Qd7 {[%emt 0:00:07] [#] Threatens to win with ...Bxf3.} 17. Ne5 Bxe5 18. dxe5 Bf5 19. Bb5 Qe7 20. Qb4 Qxb4 21. cxb4 Rc8 22. Rc1 (22. Be3 $11) 22... Nc4 $15 23. Bxc4 dxc4 $11 {[%emt 0:00:33][%mdl 4096] Endgame KRB-KRB} 24. f3 Be6 25. Kf2 Rd8 26. Be1 h5 27. Ke2 Rd5 28. Rxc4 Rxe5+ 29. Re4 Rxe4+ 30. fxe4 Bxa2 $15 {[%emt 0:00:02] KB-KB} 31. Ke3 Bc4 32. Kd4 Bf1 33. g3 Bb5 34. Bd2 Kf8 35. Bf4 Ke7 36. Be5 g6 37. h4 Kd7 38. Bb8 a6 39. Bf4 Kc6 40. e5 Be2 41. Bg5 Bg4 42. Bf4 Kb5 43. Kc3 Be6 44. Bg5 Kc6 45. Kd4 Kb5 46. Kc3 Kc6 {[%emt 0:09:28] Weighted Error Value: White=0.08 (flawless) /Black=0.06 (flawless)} (46... Bd7 $17) 1/2-1/2

[Event "FIDE WTC Prel-A 2022"]
[Site "Jerusalem"]
[Date "2022.11.20"]
[Round "2.4"]
[White "Li, Di"]
[Black "Yuffa, Daniil"]
[Result "1-0"]
[ECO "E16"]
[WhiteElo "2539"]
[BlackElo "2587"]
[Annotator "TA"]
[PlyCount "93"]
[EventDate "2022.11.20"]
[EventType "team-tourn"]
[EventCountry "ISR"]
[SourceTitle "playchess.com"]
[Source "ChessBase"]
[SourceQuality "1"]
[WhiteTeam "China"]
[BlackTeam "Spain"]
[WhiteTeamCountry "CHN"]
[BlackTeamCountry "ESP"]
[TimeControl "2700+10"]

1. d4 Nf6 2. Nf3 d5 3. c4 e6 4. g3 Bb4+ 5. Nbd2 O-O 6. Bg2 b6 7. O-O Bb7 8. Ne5 Qc8 9. cxd5 {[%emt 0:00:05] 9.Qc2 is more advanced technology. E16: Queen's Indian: 4 g3 Bb7 5 Bg2 Bb4+.} Bxd5 10. e4 Bb7 11. Re1 {[%emt 0:00:00] [#] The position is equal.} c5 $146 ({Predecessor:} 11... Rd8 12. a3 Bxd2 13. Qxd2 c5 14. b4 Nc6 15. Nxc6 Qxc6 16. bxc5 bxc5 17. d5 exd5 18. exd5 Nxd5 {1-0 (34) Greenfeld,A (2504)-Zanan,E (2521) Maalot Tarshiha 2018}) 12. a3 Bxd2 13. Bxd2 ({Reject} 13. Qxd2 Rd8 $11) 13... Rd8 14. Ng4 Nxg4 15. Qxg4 Rxd4 16. Bc3 Nc6 17. Bxd4 $40 {[%emt 0:00:00][%mdl 128] White is up to no good.} Nxd4 18. Rac1 {[%emt 0:00:00] Prevents Nc2.} e5 19. Qxc8+ Rxc8 20. f4 f6 21. Kf2 a5 22. Bf1 g5 (22... Kf7 $14) 23. Bc4+ Kg7 24. fxg5 fxg5 25. Ke3 $1 b5 (25... Rc7 $16) 26. Bd5 $18 Bxd5 27. exd5 {[%emt 0:00:00][%mdl 4096] Endgame KRR-KRN} c4 $2 (27... Kf6 28. g4 Ke7) 28. Ke4 Nb3 29. Rcd1 Nc5+ 30. Kf5 Nd3 31. Re2 ({And not} 31. Kxg5 Nxb2 32. Rd2 Nd3 $11) 31... Kf7 32. Kxg5 Ke7 (32... h6+ $16 {was called for.} 33. Kxh6 Kf6) 33. Kh6 $1 Kd6 34. Kxh7 b4 {[%emt 0:00:50] [#]} (34... Kxd5 {might work better.} 35. g4 Rc7+ 36. Kh6 Rc6+ 37. Kg5 Rc8) 35. axb4 (35. g4 $1 $18 {is the precise move to win.}) 35... axb4 $16 {[%emt 0:00:01] [#]} 36. g4 $1 {[%emt 0:00:00][%cal Bg3g4,Bg4g5][%mdl 32] aiming for g5.} Nf4 $2 (36... e4 {is a better defense.}) 37. Rf2 $18 c3 38. bxc3 Rxc3 (38... Rc7+ $142 39. Kh6 Rxc3) 39. g5 Rh3+ 40. Kg7 b3 41. g6 Rh5 42. Kf6 {[%emt 0:00:00] White threatens g7 and mate.} Rh6 43. Kf7 {[%emt 0:00:00][%cal Of2f4] White wants to mate with Rxf4!} Nxg6 44. Kg7 Rh3 45. Kxg6 e4 46. Kf5 e3 47. Re2 {[%emt 0:00:00] Weighted Error Value: White=0.18 (very precise) /Black=0.59} 1-0

[Event "FIDE WTC Prel-A 2022"]
[Site "Jerusalem"]
[Date "2022.11.20"]
[Round "2.5"]
[White "Ivanchuk, Vasyl"]
[Black "Solomon, Kenny"]
[Result "1/2-1/2"]
[ECO "B51"]
[WhiteElo "2673"]
[BlackElo "2355"]
[Annotator "TA"]
[PlyCount "77"]
[EventDate "2022.11.20"]
[EventType "team-tourn"]
[EventCountry "ISR"]
[SourceTitle "playchess.com"]
[Source "ChessBase"]
[SourceQuality "1"]
[WhiteTeam "Ukraine"]
[BlackTeam "South Africa"]
[WhiteTeamCountry "UKR"]
[BlackTeamCountry "RSA"]
[TimeControl "2700+10"]

1. e4 c5 2. Nf3 d6 3. Bb5+ Nd7 4. O-O a6 5. Bd3 Ngf6 6. Re1 {[%emt 0:00:18] B51: Sicilian: Moscow Variation (3 Bb5+) without 3...Bd7.} e6 7. c3 b5 8. Bc2 c4 9. a4 Bb7 10. axb5 axb5 11. Rxa8 Qxa8 12. Na3 Bxe4 13. Bxe4 Nxe4 14. Nxb5 Qb7 {[%emt 0:08:58] Prevents Nc7+.} 15. d3 Nxf2 16. Nxd6+ Bxd6 17. Kxf2 cxd3 18. Qxd3 {[%emt 0:00:04] [#]} Bc5+ $146 ({Predecessor:} 18... Be7 19. Rd1 Nc5 20. Qe2 O-O 21. Be3 Rb8 22. Bc1 h6 23. Kg1 Bf6 24. Kh1 Na4 {0-1 (50) Kapitanchuk,T (2344)-Sarana,A (2654) Chess.com INT 2020}) 19. Kf1 O-O 20. b4 Be7 21. Bd2 Rd8 22. Qe2 Ra8 23. c4 Ra2 ({But not} 23... Bxb4 24. Rb1 $16) 24. c5 Qd5 {[%emt 0:04:03] Prevents Qc4.} 25. Rc1 g5 (25... Bg5 $2 26. c6 Bd8 27. cxd7 $18) 26. c6 Nb6 {[%emt 0:00:05] [#] Threatens to win with ...g4.} 27. c7 $1 Nc8 {[%emt 0:00:20] Strongly threatening ...g4.} 28. Rc4 {[%emt 0:03:51] And now Rd4 would win.} e5 {[%emt 0:05:02] Prevents Rd4.} 29. h4 (29. Qe4 $11 Rxd2 30. Nxd2 Qxd2 31. h4) 29... h6 (29... f5 $17 {aiming for ...g4.} 30. hxg5 e4) 30. hxg5 {[%emt 0:00:37] Really sharp!} hxg5 31. Ke1 f6 32. Qe4 Qxe4+ 33. Rxe4 Rc2 {[%emt 0:00:01] ...Nd6 is the strong threat.} 34. Nxe5 fxe5 35. Rxe5 Rxc7 36. Bxg5 Bxb4+ 37. Ke2 Be7 (37... Bc3 $15 38. Rb5 Na7) 38. Bxe7 $11 Rxe7 39. Rxe7 {[%emt 0:01:29] Weighted Error Value: White=0.11 (very precise) /Black=0.08 (flawless)} 1/2-1/2

[Event "FIDE WTC Prel-A 2022"]
[Site "Jerusalem"]
[Date "2022.11.20"]
[Round "2.6"]
[White "Cawdery, Daniel"]
[Black "Kovalenko, Igor"]
[Result "0-1"]
[ECO "B43"]
[WhiteElo "2396"]
[BlackElo "2674"]
[Annotator "TA"]
[PlyCount "56"]
[EventDate "2022.11.20"]
[EventType "team-tourn"]
[EventCountry "ISR"]
[SourceTitle "playchess.com"]
[Source "ChessBase"]
[SourceQuality "1"]
[WhiteTeam "South Africa"]
[BlackTeam "Ukraine"]
[WhiteTeamCountry "RSA"]
[BlackTeamCountry "UKR"]
[TimeControl "2700+10"]

1. e4 c5 2. Nf3 e6 3. Nc3 a6 4. d4 cxd4 5. Nxd4 b5 6. Bd3 Bb7 7. O-O Nc6 8. Nxc6 Bxc6 9. Re1 {[%emt 0:00:09] B43: Sicilian: Kan Variation: 5 Nc3.} Ne7 $1 {[%emt 0:00:03][%mdl 4] is currently scoring better than 9...Bc5.} 10. Bf4 Ng6 11. Bg3 {[%emt 0:00:06] The position is equal.} Bb4 12. Qd2 {[%emt 0:02:30] [#]} O-O $146 ({Predecessor:} 12... e5 13. a3 Bxc3 14. Qxc3 Qe7 15. Qb4 d6 16. c4 bxc4 17. Bxc4 O-O 18. Rad1 Rfd8 {1-0 (71) Lindberg,B (2409)-Cramling,P (2486) Falun 2012}) 13. a3 Ba5 14. Bd6 Re8 15. e5 Rc8 16. b4 Bb6 17. Ne4 Qh4 18. g3 Qg4 19. Qe2 $2 {[%emt 0:03:48] [#]} (19. Ng5 Bd8 20. Ne4 Nh4 $17) (19. Qd1 $1 $11 Qh3 20. Bf1) 19... Qxe2 $1 $17 ({Not} 19... Qh3 20. c3 $11) 20. Rxe2 Bd4 21. Rd1 Nxe5 22. c3 Nxd3 23. Rxd3 Bxe4 24. Rxd4 Bd5 25. f4 f6 26. Kf2 Kf7 {[%emt 0:00:02] aiming for ...Rc6.} 27. Bc5 g6 28. Red2 (28. g4 $17) 28... Rc6 {[%emt 0:00:12] Weighted Error Value: White=0.16 (very precise) /Black=0.02 (flawless)} 0-1

[Event "FIDE WTC Prel-A 2022"]
[Site "Jerusalem"]
[Date "2022.11.20"]
[Round "2.7"]
[White "Bernadskiy, Vitaliy"]
[Black "Barrish, Daniel"]
[Result "1-0"]
[ECO "D00"]
[WhiteElo "2615"]
[BlackElo "2257"]
[Annotator "TA"]
[PlyCount "61"]
[EventDate "2022.11.20"]
[EventType "team-tourn"]
[EventCountry "ISR"]
[SourceTitle "playchess.com"]
[Source "ChessBase"]
[SourceQuality "1"]
[WhiteTeam "Ukraine"]
[BlackTeam "South Africa"]
[WhiteTeamCountry "UKR"]
[BlackTeamCountry "RSA"]
[TimeControl "2700+10"]

1. d4 Nf6 2. Bg5 d5 3. Nd2 h6 4. Bxf6 exf6 5. e3 Be7 6. g3 {[%emt 0:00:02] D00: 1 d4 d5: Unusual lines.} O-O 7. Bg2 c6 8. Ne2 {[%emt 0:00:02][%cal Bg1e2,Be2f4,Bf4d3][%mdl 32] [#] The position is equal.} Na6 $146 ({Predecessor:} 8... Be6 9. O-O Na6 10. Nf4 Qd7 11. c4 dxc4 12. Qe2 b5 13. a4 Nb4 14. axb5 cxb5 15. Bxa8 Rxa8 16. Nxe6 Qxe6 {1-0 (23) Roegiers,L (1428)-Klawitter,B (777) LSS email 2013}) 9. O-O Nc7 10. c4 f5 11. Nf4 dxc4 12. Nxc4 Ne6 (12... Rb8 $11) 13. Nd3 {[%emt 0:00:34] White is more active.} (13. d5 $5 Nxf4 14. exf4 $16 (14. gxf4 cxd5 15. Bxd5 Bf6 $11)) 13... Ng5 14. Rc1 Re8 15. b4 Be6 16. Nf4 Bxc4 17. Rxc4 a5 18. bxa5 Rxa5 19. Qb3 Qa8 20. d5 Ne4 21. Bxe4 fxe4 22. Rxe4 Bd6 23. Rxe8+ Qxe8 24. dxc6 Qxc6 25. Ne2 Qa6 26. Nc1 Ba3 27. h4 g6 28. Rd1 {[%emt 0:00:14] [#] Black must now prevent Rd8+.} Bxc1 $2 (28... Be7 $16) 29. Rd8+ $18 {[%emt 0:02:05] White is clearly winning.} ({Less strong is} 29. Rxc1 Qe6 30. Qxe6 (30. Qxb7 Rxa2 31. Qc8+ Kg7 $16) 30... fxe6 $16) 29... Kg7 30. Qc3+ Qf6 31. Qxa5 {[%emt 0:00:19] Weighted Error Value: White=0.05 (flawless) /Black=0.11 (very precise)} 1-0

[Event "FIDE WTC Prel-A 2022"]
[Site "Jerusalem"]
[Date "2022.11.20"]
[Round "2.8"]
[White "Mhango, Banele"]
[Black "Oleksiyenko, Mykhaylo"]
[Result "0-1"]
[ECO "A06"]
[WhiteElo "2210"]
[BlackElo "2594"]
[Annotator "TA"]
[PlyCount "78"]
[EventDate "2022.11.20"]
[EventType "team-tourn"]
[EventCountry "ISR"]
[SourceTitle "playchess.com"]
[Source "ChessBase"]
[SourceQuality "1"]
[WhiteTeam "South Africa"]
[BlackTeam "Ukraine"]
[WhiteTeamCountry "RSA"]
[BlackTeamCountry "UKR"]
[TimeControl "2700+10"]

1. Nf3 c5 2. b3 d5 3. e3 Nc6 4. Bb2 a6 5. h3 Nf6 6. Be2 {[%emt 0:01:34] [#] A06: Réti Opening: 1 Nf3 d5.} d4 $146 ({Predecessor:} 6... e6 7. O-O Be7 8. d4 O-O 9. Nbd2 b5 10. a4 b4 11. dxc5 Bxc5 12. Bd3 Bb7 {½-½ (58) Kuznetsova,L (2090)-Lyashenko,A (1996) Novokuznetsk 2010}) 7. d3 e5 8. e4 {[%emt 0:02:35] Black has an edge.} Be7 9. O-O O-O 10. Nbd2 b5 11. Re1 Nd7 12. Bf1 Nb6 13. c3 dxc3 14. Bxc3 f6 15. Nh2 Be6 16. Ng4 Qd7 17. Ne3 Rfd8 {[%emt 0:00:32] Black is much more active.} 18. a4 Rab8 19. axb5 axb5 20. Kh2 Bf8 21. g3 Qf7 22. Ra6 Nd4 23. Ba5 Rd6 24. b4 $2 {[%emt 0:05:24] [#] This costs White the game.} (24. Bxb6 $17 Rbxb6 25. Rxb6 Rxb6 26. h4) 24... Qb7 (24... Na4 $142 25. Rxd6 Bxd6 26. bxc5 Bxc5) 25. Rxb6 $19 Rxb6 26. Bxb6 Qxb6 27. bxc5 Bxc5 ({But not} 27... Qxc5 $2 28. Bg2 $19) 28. Bg2 Bb4 {[%emt 0:04:48] This bishop pair is nice.} 29. Rf1 Bxd2 30. Qxd2 b4 31. f4 b3 {[%emt 0:00:13] Strongly threatening ...b2.} 32. fxe5 fxe5 {[%emt 0:01:35] [#] aiming for ...b2.} 33. h4 $2 (33. Nd5 Qc5 34. Qg5) 33... b2 {[%emt 0:05:23] Black is clearly winning.} 34. Rb1 Ba2 35. Nc4 Bxc4 36. dxc4 Qb3 37. c5 Qa2 38. Qd1 Rc8 39. Qg4 Rf8 {[%emt 0:01:58] Weighted Error Value: White=0.58/Black=0.08 (flawless)} ({Not} 39... Qxb1 40. Qxc8+ Kf7 41. Qc7+ Kf6 42. Qd8+ Kf7 43. Qc7+ Kf6 44. Qd8+ Kf7 45. Qc7+ $11) 0-1

[Event "FIDE WTC Prel-A 2022"]
[Site "Jerusalem"]
[Date "2022.11.20"]
[Round "2.9"]
[White "Van Foreest, Jorden"]
[Black "Vachier-Lagrave, Maxime"]
[Result "0-1"]
[ECO "D87"]
[WhiteElo "2690"]
[BlackElo "2736"]
[Annotator "TA"]
[PlyCount "118"]
[EventDate "2022.11.20"]
[EventType "team-tourn"]
[EventCountry "ISR"]
[SourceTitle "playchess.com"]
[Source "ChessBase"]
[SourceQuality "1"]
[WhiteTeam "Netherlands"]
[BlackTeam "France"]
[WhiteTeamCountry "NED"]
[BlackTeamCountry "FRA"]
[TimeControl "2700+10"]

1. d4 Nf6 2. c4 g6 3. Nc3 d5 4. cxd5 Nxd5 5. e4 Nxc3 6. bxc3 Bg7 7. Bc4 c5 8. Ne2 O-O 9. Be3 Nc6 10. h4 cxd4 11. cxd4 Na5 {[%emt 0:00:02] D87: Exchange Grünfeld: Classical Line: Variations without ...cxd4.} 12. Bd5 {[%emt 0:02:05] [#]} h5 $146 (12... e6 $5 13. Bb3 Bd7 $11) ({Predecessor:} 12... e6 13. Bb3 Nxb3 14. axb3 e5 15. d5 f5 16. h5 Rf7 17. hxg6 hxg6 18. Qd2 f4 19. Bc5 {1-0 (34) Pres,G (2310)-Semeniuk,A (2415) Novosibirsk 1996}) 13. a4 Bd7 {[%emt 0:00:01] The position is equal.} 14. O-O Rc8 15. Bg5 Bc6 16. Nf4 Bxd5 17. Nxd5 Nc6 18. Rc1 Kh7 19. Rc4 ({Of course not} 19. Nxe7 Nxe7 20. Rxc8 Qxc8 $17) 19... Qd7 {[%emt 0:01:14] Inhibits g4.} 20. Re1 Rfd8 21. f3 (21. Qa1 $11) 21... f6 $1 $17 22. Be3 f5 $1 23. Bg5 ({White should try} 23. Qb1 $15) 23... fxe4 24. fxe4 Rf8 25. Be3 {[%emt 0:00:00] [#]} e6 ({Black should play} 25... Rcd8 $1 26. Bg5 Qd6) 26. Nb4 Nxb4 27. Rxb4 Qe7 {[%emt 0:00:02] Black is more active.} (27... Rc3 $15) 28. Rb3 $11 Qxh4 {[%emt 0:00:02][%cal Oc8c2] White must now prevent ...Rc2!} 29. Rxb7 Qg3 30. Re2 Rc7 $36 {[%emt 0:02:04][%mdl 2048] Black fights for an advantage. Chess con chili.} 31. Rxc7 Qxc7 32. Rf2 Rd8 33. Qb3 $2 {[%emt 0:00:00] Inhibits Qc3.} (33. Qa1 $11) 33... Rxd4 $2 (33... Bxd4 $17 34. Rf1 Qb8) 34. Qxe6 (34. Bxd4 $11 Bxd4 35. Qxe6) 34... Rd7 35. Bf4 $2 (35. Rf1 $15) 35... Qd8 $2 (35... Rd1+ $19 36. Kh2 Qc5) 36. Rf1 $17 Re7 (36... Rd1 {feels hotter.} 37. Rxd1 Qxd1+ 38. Kf2 Qxa4 39. Qd5 Qc2+) 37. Qd6 ({Better is} 37. Qd5 $15 Qe8 38. Re1) 37... Qxd6 $19 38. Bxd6 Rxe4 {[%emt 0:00:01][%mdl 4096] Endgame KRB-KRB} 39. Bc5 {[%emt 0:00:01] [#]} (39. Rf4 $17 {was necessary.} Rd4 40. Bb8) 39... a5 $1 ({Stronger than} 39... Rxa4 40. Rf7) 40. Rf7 Kh6 {[%emt 0:00:02] aiming for ...Bd4+.} ({Weaker is} 40... Rxa4 41. Bf8 Kg8 42. Rxg7+ Kxf8 43. Rxg6 $17) 41. Bb6 (41. Rd7 $17) 41... Bd4+ {[%emt 0:00:03] Black is clearly winning.} 42. Bxd4 Rxd4 {[%emt 0:00:01] KR-KR} 43. Rc7 Rxa4 44. Rc5 Ra3 45. Kh2 h4 46. Rc4 Kh5 47. Rc5+ g5 48. Rd5 a4 49. Ra5 Kg4 50. Rc5 Ra1 51. Rc4+ Kf5 52. Rc5+ Kg6 53. Rc6+ Kh5 54. Rc8 Rb1 55. Rh8+ Kg4 56. Ra8 Rb4 57. Ra5 Kf4 58. Ra8 g4 59. Rh8 Ke3 {[%emt 0:00:11] Weighted Error Value: White=0.54/Black=0.17 (very precise)} 0-1